 Dungeon Crawl Stone Soup version bcrawl-1.27.6 (webtiles) character file.

Game seed: 4018148547068334888

94092 DogServant the Firebug (level 2, 0/20 HPs)
             Began as a Djinni Fire Elementalist on Oct 5, 2020.
             Slain by a jackal (2 damage)
             ... on level 1 of the Dungeon.
             The game lasted 00:00:59 (381 turns).

DogServant the Firebug (Djinni Fire Elementalist)    Turns: 381, Time: 00:01:00

Health: 0/20       AC:  2    Str: 10    XL:     2   Next: 10%
Magic:  0/6        EV: 12    Int: 17    God:
Gold:   17         SH:  0    Dex: 11    Spells: 6/7 levels left

rFire    . . .     SeeInvis .     - Fists (3.4)
rCold    . . .     Gourm    .   (no shield)
rNeg     . . .     Faith    .   a - +0 robe
rPois    .         Spirit   .   (no helmet)
rElec    .         Reflect  .   (no cloak)
rCorr    .         Harm     .   (no gloves)
MR       .....     Rnd*Rage +   (boots unavailable)
Stlth    ++........             (no amulet)
HPRegen  0.06/turn              (no ring)
MPRegen  0.10/turn              (no ring)

@: flying
A: never pass out, berserk 2, blurry vision 2, wild magic 1, MP-powered wands,
floating
a: no special abilities


You were on level 1 of the Dungeon.
You were not hungry.

You visited 1 branch of the dungeon, and saw 1 of its levels.

You collected 17 gold pieces.

Inventory:

Missiles
 c - 40 stones (quivered)
Armour
 a - a +0 robe (worn)
Scrolls
 b - 3 scrolls of identify
 f - a scroll of fog {unknown}
Potions
 g - a potion of resistance {unknown}
Comestibles
 d - 3 chunks of flesh
 e - a ration {!d}


   Skills:
 + Level 2.1 Dodging
 + Level 1.7 Stealth
 + Level 0.4 Unarmed Combat
 + Level 3.1 Spellcasting
 + Level 1.2 Conjurations
 + Level 3.9 Fire Magic


You had 6 spell levels left.
You knew the following spells:

 Your Spells              Type           Power        Failure   Level  Hunger
a - Flame Tongue          Conj/Fire      ##...        10%         1    None

Your spell library contained the following spells:

 Spells                   Type           Power        Failure   Level  Hunger
 Flaming Arrows           Chrm/Fire      ##......     17%         2    #......
 Conjure Flame            Conj/Fire      ##......     26%         3    ####...
 Inner Flame              Hex/Fire       N/A          32%         3    ####...
 Sticky Flame             Conj/Fire      ##......     61%         4    #####..
 Fireball                 Conj/Fire      ##........   90%         5    ######.


Dungeon Overview and Level Annotations

Branches:
Dungeon (1/12)

Altars:


Innate Abilities, Weirdness & Mutations

You never pass out after going berserk.
You often lose your temper in combat.
Scrolls take you longer to read.
Your spells are a little harder to cast, but a little more powerful.
You expend magic power (3 MP) to strengthen your wands.
Your body floats in the air.


Message History

You closely miss the jackal.
The jackal is heavily wounded.
The jackal bites you but does no damage.
Casting: Flame Tongue (safe; 10% risk of failure)
Confirm with . or Enter, or press ? or * to list all spells.
Aiming: Flame Tongue (safe; 10% risk of failure)
Press: ? - help, Shift-Dir - straight line, f/p - jackal
Aim: a jackal (heavily wounded)
The flame tongue hits the jackal.
You kill the jackal!
You hit the jackal but do no damage. The jackal closely misses you.
You barely miss the jackal. The jackal bites you.
* * * LOW HITPOINT WARNING * * *
The jackal barely misses you.
Some of the chunks of flesh in your inventory have rotted away.
The jackal bites you.
* * * LOW HITPOINT WARNING * * *
Your magical contamination has completely faded away.
You barely miss the jackal. The jackal bites you.
You die...

##.#...?. ###.....# ## #.......#
..# #.#.....###...
####.####..[..#..# ##
#.......#......... .#
#.##.##.##†######
.########.##.##.##.# #..
..........##....@h(# ##.##
###############.#### #...# .# ###
###.## #...# .# #.. .....###
#...# .########.###......# #...#
###
.##.....#.##.....#.#####...####..
.##.....#.##..#..#.......[......#
.##...........#......)..........#
###.....#........#..............#


You could see a jackal.

Vanquished Creatures
  A dart slug (D:1)
  A bat (D:1)
  A giant cockroach (D:1)
  A goblin (D:1)
  2 jackals (D:1)
  A rat (D:1)
7 creatures vanquished.

Notes
Turn   | Place    | Note
-------+----------+-------------------------------------------
     0 | D:1      | DogServant the Djinni Fire Elementalist began the quest for
                  | the Orb.
     0 | D:1      | Reached XP level 1. HP: 14/14 MP: 4/4
   358 | D:1      | Reached XP level 2. HP: 18/20 MP: 3/6
   381 | D:1      | Slain by a jackal

Action                   || total
-------------------------++-------
Melee: Unarmed           ||    20
       Punch             ||     1
 Cast: Flame Tongue      ||    10
 Stab: Sleeping          ||     1
Armor: Robe              ||     9
Dodge: Dodged            ||    29
